AoeStats
← djd1993

MegaRandom

505668964Analyzed
1v1 RM · 23d ago on Sep 10, 2026· 17m 53s· 2 players
Game mode
Random Map
Map size
Tiny (2 player)
Population
200
Speed
Normal
Resources
Standard
Victory
Conquest
Starting age
Dark Age
Ending age
Imperial Age
RankedLock teamsTeams togetherTeam positionsShared explorationLock speedFull tech treeHidden civsTurbo modeCheats
Victory
Defeat
🇨🇴 Vikings · Colombia
803
+14
🇬🇧 Turks · United Kingdom
756
-14
djd1993
10:42 Feudal Age
11:10 Loom
18:02 Castle Age
16:48 Forging
17:32 Scale Barding Armor
Juan
6:55 Loom
9:52 Feudal Age
12:09 Man-at-Arms
14:38 Arson
15:53 Forging
15:43 Scale Mail Armor
15:46 Double-Bit Axe
Connection lost

Rejoining the realm…

Still unreachable

The connection could not be restored.

Session expired

The server has moved on; the page needs a fresh start.